 Dungeon Crawl Stone Soup version 0.27-a0-1245-g940ed4fa31 (webtiles) character file.

Game seed: 10138273060533773142

1539 falkbn the Cleaver (level 8, -1/71 HPs)
             Began as a Hill Orc Berserker on June 9, 2021.
             Was a Priest of Trog.
             Killed from afar by an orc wizard (7 damage)
             ... with a magic dart
             ... on level 5 of the Dungeon on June 10, 2021.
             The game lasted 00:30:47 (5719 turns).

falkbn the Cleaver (Hill Orc Berserker)             Turns: 5719, Time: 00:30:47

Health: -1/71      AC: 14    Str: 22    XL:     8   Next: 86%
Magic:  8/8        EV:  7    Int:  7    God:    Trog [***...]
Gold:   294        SH:  0    Dex: 10    Spells: 7/7 levels left

rFire    x . .     SeeInvis .   s - +0 battleaxe
rCold    + . .     Faith    .   (shield currently unavailable)
rNeg     . . .     Spirit   .   y - +0 plate armour
rPois    .         Reflect  .   (no helmet)
rElec    .         Harm     .   (no cloak)
rCorr    .         Rampage  .   j - +0 pair of gloves
Will     .....                  (no boots)
Stlth    ..........             (no amulet)
HPRegen  0.21/turn              k - ring of ice
MPRegen  0.11/turn              (no ring)

@: no status effects
A: no striking features
a: Renounce Religion, Berserk, Trog's Hand


You were on level 5 of the Dungeon.
You worshipped Trog.
Trog was most pleased with you.
You visited 2 branches of the dungeon, and saw 7 of its levels.

You collected 294 gold pieces.

Inventory:

Hand Weapons
 l - a +1 dagger of venom
 s - a +0 battleaxe (weapon)
 w - a +0 war axe
Armour
 j - a +0 pair of gloves (worn)
 y - a +0 plate armour (worn)
Jewellery
 k - a ring of ice (left hand)
 z - a ring of willpower
Scrolls
 a - a scroll of vulnerability {unknown}
 b - 4 scrolls of identify {unknown}
 c - a scroll of blinking {unknown}
 d - a scroll of silence {unknown}
 e - 5 scrolls of teleportation {unknown}
 f - a scroll of magic mapping {unknown}
 g - a scroll of holy word {unknown}
 m - a scroll of amnesia {unknown}
 p - 2 scrolls of acquirement {unknown}
 r - 2 scrolls of enchant armour {unknown}
 t - a scroll of immolation {unknown}
 v - a scroll of fog {unknown}
Potions
 h - a potion of mutation {unknown}
 i - 3 potions of curing {unknown}
 n - a potion of lignification {unknown}
 o - 2 potions of ambrosia {unknown}
 q - a potion of haste
 u - a potion of might {unknown}
 x - 2 potions of degeneration {unknown}


   Skills:
 + Level 6.7 Fighting
 + Level 10.3 Axes
 + Level 6.9 Armour
 + Level 2.0 Dodging
 + Level 0.5 Stealth


You had 7 spell levels left.
You didn't know any spells.
Your spell library was empty.

Dungeon Overview and Level Annotations

Branches:
Dungeon (6/15)             Temple (1/1) D:5

Altars:
Ashenzari
Cheibriados
Dithmenos
Elyvilon
Fedhas
Gozag
Kikubaaqudgha
Makhleb
Nemelex Xobeh
Okawaru
Qazlal
Ru
Sif Muna
Trog
Uskayaw
Vehumet
Wu Jian
Xom
Yredelemnul
Zin
The Shining One

Shops:
D:2 (


Message History

The orc wizard hits you but does no damage.
There is a stone staircase leading up here.
The orc wizard casts a spell.
The orc wizard flickers and vanishes!
Deactivating autopickup; reactivate with Ctrl-A.
You climb upwards.
Reactivating autopickup.
There is a stone staircase leading down here.
You start resting.
Something hits you but does no damage.
Deactivating autopickup; reactivate with Ctrl-A.
You start resting.
Something hits you but does no damage.
You start resting.
Something hits you but does no damage.
You start resting.
Something hits you but does no damage.
You start resting.
You hear some strange, mumbled words.
A puff of flame appears from out of thin air!
The puff of flame hits you but does no damage.
You miss something. Something hits you but does no damage.
You closely miss something. Something hits you but does no damage.
You hear some strange, mumbled words.
You are confused.
Something hits you but does no damage.
Okay, then.
Something hits you but does no damage.
You hear some strange, mumbled words.
A puff of flame appears from out of thin air!
The puff of flame hits you.
* * * LOW HITPOINT WARNING * * *
Something hits you but does no damage.
You feel less confused. Something hits you.
* * * LOW HITPOINT WARNING * * *
Something hits you but does no damage. Something hits you.
* * * LOW HITPOINT WARNING * * *
You slash something!
You hear some strange, mumbled words.
A magic dart appears from out of thin air!
The magic dart hits you!
You die...

....###...........###...#.....###
...<###..........#####........###
.#...##.#....##..###...........##
.#...##.###..##...##.....#...<...
.###.##......###.###.....##.....)
.###........####.....#..........#
..##...###..###......#.#......#.#
...##..# ##............##....##..
...##.## ##...{@......#..#..###.
...##.# ##/.......#....##......
.#....## #.........#....###....#
.......####...............#....##
......###............)........##
........#.##.................##
.....).....###.##..#...##....#
....<..........#...##..##..###
.........#.........#..###...##


There were no monsters in sight!

Vanquished Creatures
  Grinder (D:4)
  A necrophage (D:5)
  A centaur (D:6)
  5 ogres
  A phantom (D:5)
  A water moccasin skeleton (D:4)
  A crimson imp (D:5)
  A jelly (D:4)
  4 orc priests
  A bullfrog zombie (D:5)
  3 hounds
  2 bullfrog skeletons (D:5)
  An orc wizard (D:6)
  7 gnolls
  2 howler monkey skeletons (D:4)
  5 adders
  A white imp (D:5)
  An adder skeleton (D:4)
  2 worms
  2 dart slugs (D:4)
  16 orcs
  7 ball pythons
  A bat (D:1)
  8 endoplasms
  5 giant cockroaches
  5 goblins
  4 hobgoblins
  6 quokkas
  4 frilled lizards
  9 kobolds
  4 rats
112 creatures vanquished.

Notes
Turn   | Place    | Note
-------+----------+-------------------------------------------
     0 | D:1      | falkbn the Hill Orc Berserker began the quest for the Orb.
     0 | D:1      | Reached XP level 1. HP: 19/19 MP: 1/1
   498 | D:1      | Reached XP level 2. HP: 23/27 MP: 2/2
   874 | D:2      | Reached XP level 3. HP: 33/33 MP: 3/3
   964 | D:2      | Found a faded altar of an unknown god.
  1045 | D:2      | Reached ** piety under Trog
  1202 | D:2      | Reached skill level 5 in Axes
  1489 | D:2      | Found Ginnidoi's Antique Weapon Emporium.
  1668 | D:3      | Reached XP level 4. HP: 35/40 MP: 4/4
  1926 | D:3      | Noticed an ogre
  1943 | D:3      | Killed an ogre
  1944 | D:3      | Reached skill level 6 in Axes
  1944 | D:3      | Reached XP level 5. HP: 47/47 MP: 5/5
  2030 | D:3      | Reached XP level 6. HP: 54/55 MP: 6/6
  2720 | D:4      | Reached skill level 5 in Fighting
  3012 | D:4      | Reached skill level 7 in Axes
  3105 | D:4      | Reached *** piety under Trog
  3119 | D:4      | Reached XP level 7. HP: 47/61 MP: 7/7
  3153 | D:4      | Reached skill level 5 in Armour
  3501 | D:4      | Noticed Grinder
  3526 | D:4      | Killed Grinder
  3527 | D:4      | Reached skill level 8 in Axes
  4127 | D:4      | Reached XP level 8. HP: 70/70 MP: 8/8
  4161 | D:5      | Entered Level 5 of the Dungeon
  4170 | D:5      | Reached skill level 9 in Axes
  4831 | D:5      | Reached skill level 10 in Axes
  5003 | D:5      | Found a staircase to the Ecumenical Temple.
  5020 | Temple   | Entered the Ecumenical Temple
  5719 | D:5      | Killed from afar by an orc wizard

Illustrated notes

Levels and vault maps discovered:
D:1:      dpeg_arrival_houses_and_road, layout_rooms
D:2:      layout_loops_ring, serial_shops, nicolae_shop_behind_doors,
          hellmonk_ecumenical_altar_arch_garden
D:3:      layout_basic, nrook_uturn, minmay_surrounded
D:4:      layout_loops_ring, minmay_starry_boxes, uniq_grinder
D:5:      layout_cave_pools, minmay_temple_entry_glass, minmay_fire_ice_demons
D:6:      layout_loops_ring
Temple:   nicolae_temple_the_god_donut

Skill      XL: |  1  2  3  4  5  6  7  8 |
---------------+-------------------------+-----
Fighting       | 4 5 6 |  6.7
Axes           | 5 6 7 8 10 | 10.3
Armour         | 3 4 5 6 |  6.9
Dodging        | 2 |  2.0
Stealth        | |  0.5

Action                   |  1- 3 |  4- 6 |  7- 9 || total
-------------------------+-------+-------+-------++-------
Melee: Hand axe          |   144 |   120 |       ||   264
       Battleaxe         |       |    25 |   135 ||   160
Invok: Berserk           |       |     3 |     3 ||     6
       Trog's Hand       |       |     2 |     3 ||     5
Armor: Chain mail        |    83 |    64 |    74 ||   221
       Plate armour      |       |       |    40 ||    40
Dodge: Dodged            |    55 |    54 |    69 ||   178

Table legend: (Time is in decaauts)
 A = Elapsed time spent in this place.
 B = Non-inter-level travel time spent in this place.
 C = Inter-level travel time spent in this place.
 D = Time resting spent in this place.
 E = Time spent auto-exploring this place.
 F = Levels seen in this place.
 G = Mean time per level.
                   A        B        C        D        E       F      G
               +--------+--------+--------+--------+--------+-----+--------+
         Total |   5830 |   5785 |     45 |   1477 |   2518 |   7 |  832.9 |
       Dungeon |   5722 |   5677 |     45 |   1477 |   2518 |   6 |  953.7 |
        Temple |    108 |    108 |      0 |      0 |      0 |   1 |  108.0 |
               +--------+--------+--------+--------+--------+-----+--------+

Top non-repeatable levels by time:
     D:4: 1562 daAuts
     D:5: 1264 daAuts
     D:3: 1081 daAuts
     D:1: 866 daAuts
     D:2: 723 daAuts
     D:6: 225 daAuts
  Temple: 108 daAuts
